 Dungeon Crawl Stone Soup version 0.27.0 (webtiles) character file.

Game seed: 8124521235290909632

58 Spaninq the Ruffian (level 3, -7/37 HPs)
             Began as a Troll Chaos Knight on July 30, 2021.
             Was a Plaything of Xom.
             Mangled by Sigmund the centaur (10 damage)
             ... on level 2 of the Dungeon.
             The game lasted 00:02:28 (1106 turns).

Spaninq the Ruffian (Troll Chaos Knight)            Turns: 1106, Time: 00:02:30

Health: -7/37      AC:  6    Str: 21    XL:     3   Next: 76%
Magic:  2/2        EV:  9    Int:  8    God:    Xom [......]
Gold:   92         SH:  0    Dex:  9    Spells: 2/2 levels left

rFire    . . .     SeeInvis .     - Unarmed
rCold    . . .     Faith    .   (no shield)
rNeg     . . .     Spirit   .   a - +2 robe
rPois    .         Reflect  .   (helmet restricted)
rElec    .         Harm     .   (no cloak)
rCorr    .         Rampage  .   (gloves unavailable)
Will     .....                  (boots unavailable)
Stlth    +.........             (no amulet)
HPRegen  1.12/turn              (no ring)
MPRegen  0.08/turn              (no ring)

@: no status effects
A: large, unfitting armour, claws 3, regeneration 1, shaggy fur 1, tough skin 1
a: Renounce Religion


You were on level 2 of the Dungeon.
You worshipped Xom.
You were a very special plaything of Xom.
You visited 1 branch of the dungeon, and saw 2 of its levels.

You collected 92 gold pieces.

Inventory:

Armour
 a - a +2 robe (worn)
Jewellery
 c - a +4 ring of protection
Scrolls
 b - a scroll of teleportation {unknown}
 d - 2 scrolls of blinking {unknown}
 e - a scroll of enchant weapon {unknown}
 f - 2 scrolls of identify {unknown}
 g - a scroll of immolation {unknown}


   Skills:
 + Level 3.0 Fighting
 - Level 1.9 Dodging
 * Level 4.2 Unarmed Combat


You had 2 spell levels left.
You didn't know any spells.
Your spell library contained the following spells:

 Spells                   Type           Power      Damage    Failure   Level
 Chain Lightning          Conj/Air       0%         N/A       100%        9
 Fire Storm               Conj/Fire      0%         5d1       100%        9


Dungeon Overview and Level Annotations

Branches:
Dungeon (2/15)

Altars:
Elyvilon

Annotations:
D:2 Sigmund


Innate Abilities, Weirdness & Mutations

You are too large for most types of armour.
You have claws for hands.
Your natural rate of healing is unusually fast.
You are covered in fur. (AC +1)
You have tough skin. (AC +1)


Message History

You bump into the rock wall. "See what I see, my child!"
You detect creatures!
You are now a very special plaything of Xom.
Sigmund barely misses you.
You bump into the rock wall.
Sigmund hits you with a +0 scythe. x2
You bump into the rock wall.
Sigmund barely misses you.
You miss Sigmund.
Sigmund is moderately wounded.
Sigmund hits you with a +0 scythe.
Sigmund points at you and mumbles some strange words.
The magic dart hits you. Sigmund casts a spell at you.
The puff of flame hits you.
You bump into the rock wall.
You feel less confused. Sigmund hits you but does no damage. x2
Sigmund hits you but does no damage.
You barely miss Sigmund.
Sigmund is moderately wounded.
You hear Xom's avuncular chuckle.
Sigmund evaporates and reforms as a centaur!
Sigmund picks up a +0 scythe.
Sigmund wields a +0 scythe.
You closely miss Sigmund.
Sigmund is moderately wounded.
Sigmund hits you with a +0 scythe!
* * * LOW HITPOINT WARNING * * *
Sigmund kicks you but does no damage.
You barely miss Sigmund.
Sigmund is moderately wounded.
Sigmund barely misses you. Sigmund kicks you.
* * * LOW HITPOINT WARNING * * *
You aren't carrying any potions.
You barely miss Sigmund.
Sigmund is lightly wounded.
Sigmund hits you with a +0 scythe.
* * * LOW HITPOINT WARNING * * *
Sigmund kicks you but does no damage. Sigmund hits you with a +0 scythe!
You die...
Xom chuckles heartily!

#.........########.##
*** ###.#..###.#
,,#.....## #.########
*,#.....####.........
...........######.. *
#..............r.. #
#.....####.#####.. *
*.#c# #.# * ,#@# #.#
* #.#.####.# *
#...!....# *
###.####.# #.# #.#
#.# #.# B #.# #.# *
#.# *#.., #.. .!.,,,


You could see Sigmund the centaur.

Vanquished Creatures
  Robin (D:2)
  An adder (D:2)
  A dart slug (D:1)
  2 bats (D:1)
  An endoplasm (D:1)
  9 goblins
  7 hobgoblins
  2 quokkas (D:1)
  4 ball pythons (D:1)
  2 frilled lizards
  2 kobolds (D:1)
  3 rats (D:1)
35 creatures vanquished.

Notes
Turn   | Place    | Note
-------+----------+-------------------------------------------
     0 | D:1      | Spaninq the Troll Chaos Knight began the quest for the Orb.
     0 | D:1      | Reached XP level 1. HP: 22/22 MP: 0/0
   145 | D:1      | Reached XP level 2. HP: 29/29 MP: 1/1
   324 | D:1      | XOM: divination: magic mapping
   363 | D:1      | Found a faded altar of an unknown god.
   796 | D:2      | Noticed Robin
   814 | D:2      | Reached XP level 3. HP: 28/36 MP: 2/2
   816 | D:2      | Killed Robin
   817 | D:2      | Reached skill level 4 in Unarmed Combat
  1056 | D:2      | Found a white marble altar of Elyvilon.
  1089 | D:2      | Noticed Sigmund
  1095 | D:2      | XOM: divination: magic mapping
  1096 | D:2      | XOM: divination: detect creatures
  1103 | D:2      | Noticed Sigmund
  1103 | D:2      | Sigmund changed into Sigmund the centaur
  1103 | D:2      | XOM: polymorph Sigmund -> Sigmund the centaur
  1106 | D:2      | Mangled by Sigmund the centaur

Illustrated notes

Levels and vault maps discovered:
D:1:      dpeg_arrival_rooms_c, layout_basic, hellmonk_ecumenical_altar_run_dry,
          serial_bayou_lagoon_a, minmay_misc_feat_enclosed
D:2:      layout_loops_ring, basic_altar, uniq_robin, uniq_sigmund, uniq_natasha

Skill      XL: |  1  2  3 |
---------------+----------+-----
Unarmed Combat | 4 |  4.2
Fighting       | 3 |  3.0
Dodging        | |  1.9

Action                   || total
-------------------------++-------
Melee: Unarmed           ||    98
  Use: Potion            ||     1
 Stab: Sleeping          ||     1
Armor: Robe              ||    40
Dodge: Dodged            ||    43
